 Seeded DCSS version 0.28-a0-1567-g1695149f81 (webtiles) character file.

Game seed: 111 (custom seed)

28 knot the Chopper (level 3, 28/29 HPs)
             Began as a Demonspawn Berserker on Jan 19, 2022.
             Was a Follower of Trog.
             Quit the game on level 1 of the Dungeon.
             The game lasted 00:00:48 (960 turns).

knot the Chopper (Demonspawn Berserker)              Turns: 960, Time: 00:00:49

Health: 28/29      AC:  2    Str: 17    XL:     3   Next: 0%
Magic:  3/3        EV: 12    Int: 10    God:    Trog [*.....]
Gold:   6          SH:  0    Dex: 12    Spells: 2/2 levels left

rFire   . . .      SeeInvis .   j - +0 war axe
rCold   . . .      Faith    .   (no shield)
rNeg    . . .      Spirit   .   b - +0 animal skin
rPois   .          Reflect  .   (helmet restricted)
rElec   .          Harm     .   (no cloak)
rCorr   .          Rampage  .   (no gloves)
Will    .....                   (no boots)
Stlth   +.........              (no amulet)
HPRegen 0.09/turn               (no ring)
MPRegen 0.08/turn               (no ring)

@: no status effects
A: horns 1, foul stench 1
a: Renounce Religion, Berserk


You were on level 1 of the Dungeon.
You worshipped Trog.
Trog was aware of your devotion.
You visited 1 branch of the dungeon, and saw 1 of its levels.

You collected 6 gold pieces.

Inventory:

Hand Weapons
 j - a +0 war axe (weapon)
Missiles
 d - 16 sling bullets
 h - 16 stones (quivered)
 i - 4 atropa-tipped darts
Armour
 b - a +0 animal skin (worn)
Scrolls
 f - 3 scrolls of immolation {unknown}
 g - a scroll of fog {unknown}
Potions
 c - a potion of flight {unknown}
 e - a potion of invisibility {unknown}


   Skills:
 - Level 3.0 Fighting
 + Level 3.8 Axes
 - Level 1.7 Armour
 - Level 1.7 Dodging


You had 2 spell levels left.
You didn't know any spells.
Your spell library was empty.

Dungeon Overview and Level Annotations

Branches:
Dungeon (1/15)

Altars:


Innate Abilities, Weirdness & Mutations

You have a pair of small horns on your head.
You may rarely emit foul miasma when damaged in melee.


Message History

Key pressed, stopping explore.
No target in view!
Key pressed, stopping explore.
No target in view!
No target in view!
Things that are here:
a +0 club; a +0 club No target in view!
No target in view!
Key pressed, stopping explore.
No target in view!
Things that are here:
a +0 club; a +0 hunting sling; a +0 club No target in view!
No target in view! 2 jackals come into view.
The jackal barks! x2
A jackal comes into view.
There are monsters nearby!
You barely miss the jackal. The jackal closely misses you.
The jackal barks!
You hit the jackal.
You kill the jackal!
Trog accepts your kill.
There are monsters nearby!
You closely miss the jackal.
The jackal bites you but does no damage.
You closely miss the jackal. Your headbutt misses the jackal.
You closely miss the jackal. The jackal barely misses you. x2
The jackal bites you. The jackal misses you.
You hit the jackal. You headbutt the jackal.
You kill the jackal!
Trog accepts your kill.
You barely miss the jackal. The jackal barely misses you.
You have reached level 3!
Your experience leads to an increase in your attributes!
Increase (S)trength, (I)ntelligence, or (D)exterity?
You feel clever. x2; Your demonic ancestry asserts itself...
You begin to emit a foul stench of rot and decay.
Are you sure you want to abandon this character and quit the game? (Confirm with "yes".)

..... ..... ... ..... ....
. ..... ....#########.#
..... ..............# ###.
..............#
..............#
.......†h.....# #.@# ##.#
#.# #.## #.# #..# #.# #####
##.## #.#
##########...####..###.#
.......................#
###..#####...#####..##.####
##.# #...##.[.).).....#


You could see a jackal.

Vanquished Creatures
  An endoplasm (D:1)
  A giant cockroach (D:1)
  6 goblins (D:1)
  5 hobgoblins (D:1)
  2 jackals (D:1)
  5 ball pythons (D:1)
  A frilled lizard (D:1)
  3 kobolds (D:1)
24 creatures vanquished.

Notes
Turn   | Place    | Note
-------+----------+-------------------------------------------
     0 | D:1      | knot the Demonspawn Berserker began the quest for the Orb.
     0 | D:1      | Reached XP level 1. HP: 18/18 MP: 1/1
   181 | D:1      | Gained mutation: You have a pair of small horns on your
                  | head. [demonic ancestry]
   181 | D:1      | Reached XP level 2. HP: 21/24 MP: 2/2
   960 | D:1      | Gained mutation: You may rarely emit foul miasma when
                  | damaged in melee. [demonic ancestry]
   960 | D:1      | Reached XP level 3. HP: 28/29 MP: 3/3
   960 | D:1      | Quit the game

Illustrated notes

Levels and vault maps discovered:
D:1:      dpeg_arrival_tiny_g, layout_basic, minmay_hexomino_p4

Skill      XL: |  1 |
---------------+----+-----
Axes           | 3 |  3.8
Fighting       | |  3.0
Armour         | |  1.7
Dodging        | |  1.7

Action                   || total
-------------------------++-------
Melee: Hand axe          ||    24
       War axe           ||    16
       Headbutt          ||     4
Invok: Berserk           ||     1
 Stab: Sleeping          ||     1
Armor: Animal skin       ||     8
Dodge: Dodged            ||    23

Table legend: (Time is in decaauts)
 A = Elapsed time spent in this place.
 B = Non-inter-level travel time spent in this place.
 C = Inter-level travel time spent in this place.
 D = Time resting spent in this place.
 E = Time spent auto-exploring this place.
 F = Levels seen in this place.
 G = Mean time per level.
                   A        B        C        D        E       F      G
               +--------+--------+--------+--------+--------+-----+--------+
         Total |    976 |    976 |      0 |    256 |    586 |   1 |  976.0 |
       Dungeon |    976 |    976 |      0 |    256 |    586 |   1 |  976.0 |
               +--------+--------+--------+--------+--------+-----+--------+

Top non-repeatable levels by time:
     D:1: 976 daAuts
